[ AOE2 MATCH · #505229909 ]
UnrankedBohemians vs Aztecs
Player's team · LOSS
Rival team · WIN
[ REPLAY ANALYSIS · EXTRACTED FROM THE RECORDED GAME ]
Feudal
9:04
Castle
20:24
Imperial
36:03
| APM avg | 89.0 |
| APM peak | 125 |
| eAPM avg | 36.7 |
| Villagers / military | 166 / 49 |
Focus
⚔️ 51.6% · 🌾 48.4%
Archer ×18 · Mangonel ×8 · Hussite Wagon ×8 · Scout Cavalry ×4 · Bombard Cannon ×4 · Monk ×3
Feudal
10:30
Castle
21:27
Imperial
35:45
| APM avg | 67.0 |
| APM peak | 108 |
| eAPM avg | 30.2 |
| Villagers / military | 127 / 121 |
Focus
⚔️ 37.2% · 🌾 62.8%
Skirmisher ×85 · Monk ×15 · Militia ×6 · Eagle Scout ×5 · Trebuchet (Packed) ×5 · Mangonel ×3
Match map
Initial resources + every placement click. Lines = walls · curves = elevation contours. ◆ gold · ⬟ stone · ● berries · ✦ relic · ◌ wall gap
Your base· Open — unwalled flank
CNZS_迷你车仁's base· Open — 8t gap
Smoothed initial terrain · ◌ = detected wall gap · hover for details
Inputs per minute
— VL Tou - - CNZS_迷你车仁
Build order — VL Tou
First 150 of 358 actions detected
| 0:02 | Queue | Villager (Male) |
| 0:02 | Queue | Villager (Male) |
| 0:02 | Queue | Villager (Male) |
| 0:03 | Queue | Villager (Male) |
| 0:03 | Queue | Villager (Male) |
| 0:04 | Build | House |
| 0:06 | Build | House |
| 1:10 | Queue | Villager (Male) |
| 1:10 | Queue | Villager (Male) |
| 1:39 | Queue | Villager (Male) |
| 1:39 | Queue | Villager (Male) |
| 2:08 | Build | Lumber Camp |
| 2:10 | Queue | Villager (Male) |
| 2:35 | Queue | Villager (Male) |
| 2:36 | Queue | Villager (Male) |
| 2:57 | Queue | Villager (Male) |
| 2:58 | Queue | Villager (Male) |
| 3:31 | Queue | Villager (Male) |
| 3:31 | Queue | Villager (Male) |
| 3:55 | Queue | Villager (Male) |
| 3:55 | Queue | Villager (Male) |
| 4:06 | Build | House |
| 4:11 | Queue | Villager (Male) |
| 4:11 | Queue | Villager (Male) |
| 4:32 | Queue | Villager (Male) |
| 4:32 | Queue | Villager (Male) |
| 4:38 | Build | Mill |
| 4:55 | Queue | Villager (Male) |
| 4:56 | Queue | Villager (Male) |
| 5:14 | Queue | Villager (Male) |
| 5:31 | Research | Loom |
| 6:54 | Research | Feudal Age |
| 7:13 | Build | Mining Camp |
| 8:04 | Build | Barracks |
| 8:51 | Build | Palisade Wall |
| 8:52 | Build | Palisade Wall |
| 8:55 | Build | Palisade Wall |
| 9:01 | Build | House |
| 9:04 | Age | Feudal Age |
| 9:06 | Queue | Villager (Male) |
| 9:09 | Build | Archery Range |
| 9:33 | Research | Double-Bit Axe |
| 9:33 | Research | Double-Bit Axe |
| 9:35 | Queue | Villager (Male) |
| 9:53 | Queue | Villager (Male) |
| 9:56 | Queue | Archer |
| 9:58 | Queue | Archer |
| 10:10 | Build | House |
| 10:21 | Queue | Villager (Male) |
| 10:37 | Queue | Villager (Male) |
| 10:43 | Build | Mill |
| 10:46 | Queue | Archer |
| 10:56 | Queue | Villager (Male) |
| 10:59 | Build | House |
| 11:02 | Build | House |
| 11:04 | Build | Palisade Wall |
| 11:06 | Build | Palisade Wall |
| 11:12 | Queue | Villager (Male) |
| 11:20 | Build | Blacksmith |
| 11:27 | Queue | Archer |
| 11:40 | Build | Farm |
| 11:43 | Build | Farm |
| 12:08 | Queue | Villager (Male) |
| 12:24 | Queue | Archer |
| 12:28 | Build | Farm |
| 12:29 | Build | Farm |
| 12:35 | Queue | Villager (Male) |
| 12:53 | Build | Farm |
| 12:56 | Build | Farm |
| 13:08 | Build | Farm |
| 13:22 | Research | Fletching |
| 13:53 | Queue | Archer |
| 13:55 | Queue | Villager (Male) |
| 14:07 | Queue | Villager (Male) |
| 14:11 | Build | Market |
| 14:15 | Queue | Archer |
| 14:31 | Build | House |
| 14:34 | Build | Palisade Wall |
| 14:36 | Build | Palisade Wall |
| 14:39 | Queue | Villager (Male) |
| 14:52 | Build | Palisade Wall |
| 14:58 | Queue | Archer |
| 15:11 | Queue | Villager (Male) |
| 15:19 | Build | Farm |
| 15:31 | Build | Stable |
| 15:50 | Queue | Villager (Male) |
| 15:52 | Build | Farm |
| 16:06 | Build | House |
| 16:08 | Build | Palisade Wall |
| 16:11 | Queue | Scout Cavalry |
| 16:21 | Queue | Villager (Male) |
| 16:24 | Build | Farm |
| 16:41 | Queue | Villager (Male) |
| 16:59 | Queue | Scout Cavalry |
| 17:44 | Research | Castle Age |
| 17:44 | Research | Castle Age |
| 18:22 | Queue | Scout Cavalry |
| 18:23 | Queue | Villager (Male) |
| 18:24 | Queue | Archer |
| 18:46 | Research | Horse Collar |
| 18:46 | Research | Horse Collar |
| 19:09 | Queue | Villager (Male) |
| 19:09 | Queue | Archer |
| 19:14 | Build | Farm |
| 19:16 | Build | Farm |
| 19:51 | Queue | Villager (Male) |
| 20:24 | Age | Castle Age |
| 20:30 | Research | Crossbowman (upgrade) |
| 20:43 | Research | Bodkin Arrow |
| 20:47 | Build | Town Center |
| 20:52 | Queue | Archer |
| 20:58 | Research | Bow Saw |
| 21:26 | Queue | Knight |
| 21:49 | Queue | Villager (Male) |
| 21:54 | Queue | Villager (Male) |
| 21:57 | Build | Siege Workshop |
| 22:14 | Queue | Archer |
| 22:19 | Build | House |
| 22:25 | Queue | Villager (Male) |
| 22:26 | Queue | Villager (Male) |
| 22:39 | Queue | Villager (Male) |
| 22:43 | Build | Monastery |
| 23:14 | Queue | Villager (Male) |
| 23:15 | Queue | Villager (Male) |
| 23:19 | Research | Fervor |
| 23:19 | Research | Fervor |
| 23:20 | Queue | Monk |
| 23:33 | Queue | Mangonel |
| 23:33 | Queue | Mangonel |
| 23:36 | Queue | Villager (Male) |
| 23:37 | Queue | Villager (Male) |
| 23:38 | Build | Farm |
| 23:41 | Queue | Villager (Male) |
| 23:48 | Build | Lumber Camp |
| 23:51 | Queue | Archer |
| 24:00 | Queue | Villager (Male) |
| 24:05 | Queue | Villager (Male) |
| 24:07 | Build | House |
| 24:10 | Queue | Villager (Male) |
| 24:30 | Queue | Mangonel |
| 24:31 | Queue | Villager (Male) |
| 24:32 | Build | House |
| 24:40 | Build | House |
| 24:53 | Queue | Monk |
| 24:57 | Queue | Villager (Male) |
| 25:00 | Build | Lumber Camp |
| 25:01 | Queue | Villager (Male) |
| 25:08 | Build | University |
| 25:41 | Queue | Villager (Male) |
| 25:42 | Build | Farm |
Build order — CNZS_迷你车仁
First 150 of 461 actions detected
| 0:00 | Queue | Villager (Male) |
| 0:01 | Build | House |
| 0:02 | Build | House |
| 0:08 | Queue | Villager (Male) |
| 0:09 | Queue | Villager (Male) |
| 0:09 | Queue | Villager (Male) |
| 1:18 | Queue | Villager (Male) |
| 1:19 | Queue | Villager (Male) |
| 1:41 | Queue | Villager (Male) |
| 1:41 | Queue | Villager (Male) |
| 1:51 | Build | Lumber Camp |
| 2:15 | Queue | Villager (Male) |
| 2:15 | Queue | Villager (Male) |
| 2:36 | Queue | Villager (Male) |
| 2:36 | Queue | Villager (Male) |
| 3:02 | Queue | Villager (Male) |
| 3:02 | Queue | Villager (Male) |
| 3:28 | Queue | Villager (Male) |
| 3:58 | Build | House |
| 4:03 | Queue | Villager (Male) |
| 4:03 | Queue | Villager (Male) |
| 4:30 | Queue | Villager (Male) |
| 4:31 | Queue | Villager (Male) |
| 4:47 | Queue | Villager (Male) |
| 5:02 | Queue | Villager (Male) |
| 5:06 | Build | Barracks |
| 5:12 | Queue | Villager (Male) |
| 5:29 | Build | House |
| 5:54 | Queue | Villager (Male) |
| 6:07 | Queue | Militia |
| 6:08 | Queue | Militia |
| 6:18 | Queue | Militia |
| 6:19 | Queue | Militia |
| 6:21 | Build | Mill |
| 6:29 | Queue | Villager (Male) |
| 7:03 | Queue | Villager (Male) |
| 7:03 | Queue | Villager (Male) |
| 7:05 | Build | House |
| 7:41 | Build | House |
| 7:51 | Research | Loom |
| 8:14 | Build | Mining Camp |
| 8:20 | Research | Feudal Age |
| 8:48 | Build | Mill |
| 8:50 | Queue | Militia |
| 8:50 | Queue | Militia |
| 9:32 | Build | Palisade Wall |
| 9:33 | Build | Palisade Wall |
| 9:34 | Build | Palisade Wall |
| 9:56 | Build | Palisade Wall |
| 10:00 | Queue | Villager (Male) |
| 10:02 | Queue | Villager (Male) |
| 10:06 | Build | Palisade Gate |
| 10:30 | Age | Feudal Age |
| 10:36 | Build | Archery Range |
| 10:43 | Queue | Villager (Male) |
| 10:55 | Research | Double-Bit Axe |
| 10:55 | Research | Double-Bit Axe |
| 11:00 | Build | Palisade Wall |
| 11:07 | Queue | Villager (Male) |
| 11:31 | Build | Palisade Wall |
| 11:35 | Queue | Skirmisher |
| 11:35 | Queue | Skirmisher |
| 11:37 | Queue | Villager (Male) |
| 12:03 | Queue | Villager (Male) |
| 12:04 | Queue | Skirmisher |
| 12:09 | Build | House |
| 12:15 | Build | Farm |
| 12:16 | Build | Farm |
| 12:18 | Build | Farm |
| 12:19 | Queue | Villager (Male) |
| 12:26 | Queue | Skirmisher |
| 12:28 | Queue | Villager (Male) |
| 12:40 | Build | Farm |
| 12:43 | Build | Farm |
| 12:45 | Build | Farm |
| 12:47 | Queue | Villager (Male) |
| 12:52 | Build | House |
| 12:59 | Build | Farm |
| 13:17 | Queue | Skirmisher |
| 13:21 | Queue | Villager (Male) |
| 13:31 | Build | Farm |
| 13:34 | Build | House |
| 13:36 | Build | Palisade Wall |
| 13:42 | Build | Palisade Gate |
| 14:01 | Queue | Skirmisher |
| 14:06 | Build | Lumber Camp |
| 14:11 | Build | House |
| 14:14 | Queue | Villager (Male) |
| 14:16 | Build | Farm |
| 14:17 | Build | Farm |
| 14:18 | Queue | Villager (Male) |
| 14:52 | Build | Farm |
| 14:52 | Build | Farm |
| 14:59 | Build | House |
| 15:04 | Build | Palisade Wall |
| 15:11 | Build | Farm |
| 15:13 | Queue | Villager (Male) |
| 15:18 | Build | Palisade Wall |
| 15:19 | Build | Palisade Wall |
| 15:21 | Build | Palisade Wall |
| 15:28 | Queue | Villager (Male) |
| 15:43 | Build | Blacksmith |
| 15:53 | Build | Palisade Wall |
| 15:56 | Build | Farm |
| 16:05 | Queue | Villager (Male) |
| 16:14 | Build | House |
| 16:44 | Build | Archery Range |
| 16:48 | Build | House |
| 16:48 | Build | House |
| 16:52 | Queue | Villager (Male) |
| 16:55 | Queue | Spearman |
| 17:02 | Queue | Villager (Male) |
| 17:05 | Research | Fletching |
| 17:26 | Queue | Villager (Male) |
| 17:30 | Build | Farm |
| 17:46 | Build | Market |
| 17:49 | Build | Market |
| 17:50 | Build | House |
| 18:06 | Queue | Villager (Male) |
| 18:27 | Build | Farm |
| 18:30 | Build | Farm |
| 18:47 | Research | Castle Age |
| 18:56 | Queue | Skirmisher |
| 18:57 | Queue | Skirmisher |
| 19:02 | Queue | Spearman |
| 19:09 | Build | House |
| 19:10 | Build | House |
| 19:22 | Queue | Skirmisher |
| 19:22 | Queue | Skirmisher |
| 19:23 | Queue | Skirmisher |
| 19:24 | Research | Horse Collar |
| 19:24 | Research | Horse Collar |
| 20:04 | Queue | Skirmisher |
| 20:05 | Queue | Skirmisher |
| 20:19 | Research | Padded Archer Armor |
| 20:19 | Research | Padded Archer Armor |
| 20:22 | Queue | Skirmisher |
| 20:23 | Queue | Skirmisher |
| 20:52 | Queue | Villager (Male) |
| 20:56 | Build | Palisade Wall |
| 21:08 | Build | Palisade Wall |
| 21:13 | Queue | Skirmisher |
| 21:13 | Queue | Skirmisher |
| 21:14 | Queue | Villager (Male) |
| 21:27 | Age | Castle Age |
| 21:31 | Research | Elite Skirmisher (upgrade) |
| 21:32 | Research | Bodkin Arrow |
| 21:59 | Queue | Villager (Male) |
| 22:23 | Queue | Villager (Male) |
| 22:31 | Build | Town Center |
Match timeline
| 5:06 | CNZS_迷你车仁 · first_building Barracks |
| 8:04 | VL Tou · first_building Barracks |
| 8:51 | VL Tou · wall_segment Palisade Wall x1 |
| 8:52 | VL Tou · wall_segment Palisade Wall x1 |
| 8:55 | VL Tou · wall_segment Palisade Wall x1 |
| 9:04 | VL Tou · age_up feudal |
| 9:09 | VL Tou · first_building Archery Range |
| 9:32 | CNZS_迷你车仁 · wall_segment Palisade Wall x1 |
| 9:33 | CNZS_迷你车仁 · wall_segment Palisade Wall x1 |
| 9:34 | CNZS_迷你车仁 · wall_segment Palisade Wall x1 |
| 9:56 | CNZS_迷你车仁 · wall_segment Palisade Wall x10 |
| 10:30 | CNZS_迷你车仁 · age_up feudal |
| 10:36 | CNZS_迷你车仁 · first_building Archery Range |
| 11:00 | CNZS_迷你车仁 · wall_segment Palisade Wall x4 |
| 11:04 | VL Tou · wall_segment Palisade Wall x1 |
| 11:06 | VL Tou · wall_segment Palisade Wall x1 |
| 11:31 | CNZS_迷你车仁 · wall_segment Palisade Wall x10 |
| 13:36 | CNZS_迷你车仁 · wall_segment Palisade Wall x1 |
| 14:34 | VL Tou · wall_segment Palisade Wall x4 |
| 14:36 | VL Tou · wall_segment Palisade Wall x11 |
| 14:52 | VL Tou · wall_segment Palisade Wall x11 |
| 15:04 | CNZS_迷你车仁 · wall_segment Palisade Wall x11 |
| 15:18 | CNZS_迷你车仁 · wall_segment Palisade Wall x5 |
| 15:19 | CNZS_迷你车仁 · wall_segment Palisade Wall x7 |
| 15:21 | CNZS_迷你车仁 · wall_segment Palisade Wall x6 |
| 15:28 | VL Tou · first_market_buy 100 wood |
| 15:31 | VL Tou · first_building Stable |
| 15:53 | CNZS_迷你车仁 · wall_segment Palisade Wall x1 |
| 16:08 | VL Tou · wall_segment Palisade Wall x1 |
| 16:16 | VL Tou · first_market_sell 100 stone |
| 20:24 | VL Tou · age_up castle |
| 20:56 | CNZS_迷你车仁 · wall_segment Palisade Wall x2 |
| 21:08 | CNZS_迷你车仁 · wall_segment Palisade Wall x1 |
| 21:27 | CNZS_迷你车仁 · age_up castle |
| 21:57 | VL Tou · first_building Siege Workshop |
| 22:43 | VL Tou · first_building Monastery |
| 22:59 | CNZS_迷你车仁 · wall_segment Palisade Wall x2 |
| 23:20 | CNZS_迷你车仁 · wall_segment Palisade Wall x1 |
| 24:13 | CNZS_迷你车仁 · first_building Monastery |
| 24:33 | CNZS_迷你车仁 · first_market_buy 100 food |
| 28:28 | VL Tou · wall_segment Stone Wall x1 |
| 30:17 | CNZS_迷你车仁 · first_building Siege Workshop |
| 31:06 | VL Tou · first_building Castle |
| 31:15 | CNZS_迷你车仁 · first_building Castle |
| 31:45 | VL Tou · wall_segment Stone Wall x1 |
| 32:14 | CNZS_迷你车仁 · first_market_sell 100 wood |
| 33:30 | VL Tou · wall_segment Stone Wall x9 |
| 35:45 | CNZS_迷你车仁 · age_up imperial |
| 36:03 | VL Tou · age_up imperial |
| 41:34 | VL Tou · resign |
[ AI ANALYSIS · 1 CREDIT ]
What really happened in this match?
Wolo.gg analyzes every decision: build order, eco, micro, common mistakes by bracket. Personalized analysis on WhatsApp or Discord in 30 seconds.
Civ guide
Bohemians
Perfil
Jugador #2825261